 Dungeon Crawl Stone Soup version 0.21.1-1-g345015fe64 (webtiles) character file.

273 Nattfarinn the Sneak (level 6, 0/44 HPs)
             Began as a Gnoll Enchanter on May 7, 2018.
             Slain by a gnoll
             ... wielding a +0 spear
              (8 damage)
             ... on level 3 of the Dungeon.
             The game lasted 00:06:59 (2426 turns).

Nattfarinn the Sneak (Gnoll Enchanter)              Turns: 2426, Time: 00:07:00

Health: 0/44       AC:  5    Str: 10    XL:     6   Next: 23%
Magic:  12/22      EV: 15    Int: 17    God:
Gold:   141        SH:  0    Dex: 18    Spells: 6/15 levels left

rFire    . . .     SeeInvis .   k - +0 short sword (protect)
rCold    . . .     Gourm    .   (no shield)
rNeg     . . .     Faith    .   b - +0 robe
rPois    .         Spirit   .   (no helmet)
rElec    .         Reflect  .   (no cloak)
rCorr    .         Harm     .   (no gloves)
MR       .....                  (no boots)
Stlth    +++.......             (no amulet)
HPRegen  0.14/turn              h - +3 ring of protection
MPRegen  0.18/turn              i - ring of magical power

@: very slightly contaminated
A: distributed training, fangs 1, strong nose
a: no special abilities


You were on level 3 of the Dungeon.
You were not hungry.

You visited 1 branch of the dungeon, and saw 4 of its levels.

You collected 141 gold pieces.

Inventory:

Hand Weapons
 a - a +1 dagger
 k - a +0 short sword of protection (weapon)
Armour
 b - a +0 robe (worn)
Jewellery
 h - a +3 ring of protection (left hand)
 i - a ring of magical power (right hand)
Scrolls
 f - a scroll of blinking
 m - a scroll of remove curse {unknown}
Potions
 e - 2 potions of invisibility {unknown}
 g - a potion of might {unknown}
Books
 c - a book of Maledictions

   Spells                             Type                      Level
   a - Corona                         Hexes                        1
   b - Ensorcelled Hibernation        Hexes/Ice                    2
   c - Confuse                        Hexes                        3
   d - Tukima's Dance                 Hexes                        3
   e - Dazzling Spray                 Conjuration/Hexes            3
Comestibles
 d - 7 rations


   Skills:
 + Level 1.8 Fighting
 + Level 3.1 Short Blades
 + Level 1.8 Long Blades
 + Level 1.8 Axes
 + Level 1.8 Maces & Flails
 + Level 1.8 Polearms
 + Level 1.8 Staves
 + Level 1.8 Slings
 + Level 1.8 Bows
 + Level 1.8 Crossbows
 + Level 1.8 Throwing
 + Level 1.8 Armour
 + Level 4.9 Dodging
 + Level 6.2 Stealth
 + Level 1.8 Shields
 + Level 1.8 Unarmed Combat
 + Level 5.3 Spellcasting
 + Level 1.4 Conjurations
 + Level 5.6 Hexes
 + Level 1.4 Charms
 + Level 1.4 Summonings
 + Level 1.4 Necromancy
 + Level 1.4 Translocations
 + Level 1.4 Transmutations
 + Level 1.4 Fire Magic
 + Level 1.4 Ice Magic
 + Level 1.4 Air Magic
 + Level 1.4 Earth Magic
 + Level 1.4 Poison Magic
 + Level 2.0 Invocations
 + Level 1.8 Evocations


You had 6 spell levels left.
You knew the following spells:

 Your Spells              Type           Power        Failure   Level  Hunger
a - Corona                Hex            ###....      1%          1    None
b - Ensorcelled Hibernat  Hex/Ice        ###...       4%          2    #......
c - Tukima's Dance        Hex            ###.....     4%          3    ##.....
d - Confuse               Hex            ###.....     4%          3    ##.....


Dungeon Overview and Level Annotations

Branches:
Dungeon (4/15)
 Temple: D:4-7

Altars:
Fedhas
Ru


Innate Abilities, Weirdness & Mutations

Your experience applies equally to all skills.
You have very sharp teeth.
Your uncanny sense of smell can sniff out nearby items.


Message History

Casting: Tukima's Dance
Confirm with . or Enter, or press ? or * to list all spells.
Aiming: Tukima's Dance
Press: ? - help, Shift-Dir - straight line, f/p - gnoll
Aim: a gnoll, wielding a spear (chance to defeat MR: 71%)
The spear dances into the air!
The gnoll hits you with a spear. The gnoll hits you!
The gnoll hits you but does no damage.
There isn't anything here!
Unknown command.
Casting: Tukima's Dance
Confirm with . or Enter, or press ? or * to list all spells.
Aiming: Tukima's Dance
Press: ? - help, Shift-Dir - straight line, f - gnoll, p - gnoll
Aim: a gnoll, wielding a spear (chance to defeat MR: 71%)
You miscast Tukima's Dance.
You are very lightly contaminated with residual magic.
You feel a bit tired. The gnoll misses you. The gnoll hits you!
* * * LOW HITPOINT WARNING * * *
The gnoll hits you with a spear!
You die...

.................................
#####............################
#.......)#....##.#
#.##..........##.#
#.......#.###.##.# ∆
#####......††.##(#
####...#.######.# ∆ ∆ #.........#
#g# #.###.PPP.#####@# #.#
#PP..P....gg# #.# #PP_PP)######
#)# #PPPPP....# ### #.#
#.PPP..##.# ∆ ..# #.# #.#######.#
##### #.# #.###.# #.# #...# #.#
#.##..# #.# #...# #.# #.##.##
#.###...# #.#


You could see 3 gnolls and a friendly spear.

Vanquished Creatures
  The ghost of Necrophagist the Conjurer, an amateur TeWz (D:3)
  An orc wizard (D:2)
  5 gnolls (D:3)
  2 adders (D:2)
  A worm (D:3)
  A dart slug (D:1)
  4 leopard geckos
  An orc (D:3)
  A bat (D:1)
  A giant cockroach (D:2)
  2 goblins (D:2)
  5 hobgoblins
  14 jackals (D:3)
  A quokka (D:2)
  3 frilled lizards
  8 kobolds
  6 rats
57 creatures vanquished.

Vanquished Creatures (collateral kills)
  2 gnolls (D:3)
2 creatures vanquished.

Grand Total: 59 creatures vanquished

Notes
Turn   | Place    | Note
-------+----------+-------------------------------------------
     0 | D:1      | Nattfarinn the Gnoll Enchanter began the quest for the Orb.
     0 | D:1      | Reached XP level 1. HP: 13/13 MP: 6/6
    71 | D:1      | Reached XP level 2. HP: 19/19 MP: 7/7
    75 | D:1      | Learned a level 2 spell: Ensorcelled Hibernation
   559 | D:2      | Reached XP level 3. HP: 22/25 MP: 9/9
   621 | D:2      | Reached skill level 5 in Spellcasting
   624 | D:2      | Reached skill level 6 in Stealth
   869 | D:2      | Reached skill level 1 in Invocations
   874 | D:2      | Learned a level 3 spell: Tukima's Dance
   915 | D:2      | Learned a level 3 spell: Confuse
   973 | D:2      | Found a sacrificial altar of Ru.
   990 | D:2      | Reached skill level 1 in Fighting
   990 | D:2      | Reached skill level 1 in Long Blades
   990 | D:2      | Reached skill level 1 in Axes
   990 | D:2      | Reached skill level 1 in Maces & Flails
   990 | D:2      | Reached skill level 1 in Polearms
   990 | D:2      | Reached skill level 1 in Staves
   990 | D:2      | Reached skill level 1 in Slings
   990 | D:2      | Reached skill level 1 in Bows
   990 | D:2      | Reached skill level 1 in Crossbows
   990 | D:2      | Reached skill level 1 in Throwing
   990 | D:2      | Reached skill level 1 in Armour
   990 | D:2      | Reached skill level 1 in Shields
   990 | D:2      | Reached skill level 1 in Unarmed Combat
   990 | D:2      | Reached skill level 1 in Evocations
   998 | D:2      | Reached XP level 4. HP: 17/32 MP: 11/11
  1191 | D:2      | You fall through a shaft!
  1224 | D:3      | Found a blossoming altar of Fedhas.
  1274 | D:3      | Reached skill level 1 in Conjurations
  1274 | D:3      | Reached skill level 1 in Charms
  1274 | D:3      | Reached skill level 1 in Summonings
  1274 | D:3      | Reached skill level 1 in Necromancy
  1274 | D:3      | Reached skill level 1 in Translocations
  1274 | D:3      | Reached skill level 1 in Transmutations
  1274 | D:3      | Reached skill level 1 in Fire Magic
  1274 | D:3      | Reached skill level 1 in Ice Magic
  1274 | D:3      | Reached skill level 1 in Air Magic
  1274 | D:3      | Reached skill level 1 in Earth Magic
  1274 | D:3      | Reached skill level 1 in Poison Magic
  1789 | D:3      | Reached XP level 5. HP: 32/37 MP: 12/12
  2241 | D:3      | Noticed Necrophagist's ghost (amateur TeWz)
  2273 | D:3      | Killed Necrophagist's ghost
  2273 | D:3      | Reached XP level 6. HP: 18/44 MP: 3/13
  2320 | D:3      | HP: 2/44 [gnoll/spear (12)]
  2426 | D:3      | Slain by a gnoll

Skill      XL: |  1  2  3  4  5 |
---------------+----------------+-----
Spellcasting   | 5 |  5.3
Stealth        | 6 |  6.2
Invocations    | 1 2 |  2.0
Fighting       | 1 |  1.8
Long Blades    | 1 |  1.8
Axes           | 1 |  1.8
Maces & Flails | 1 |  1.8
Polearms       | 1 |  1.8
Staves         | 1 |  1.8
Slings         | 1 |  1.8
Bows           | 1 |  1.8
Crossbows      | 1 |  1.8
Throwing       | 1 |  1.8
Armour         | 1 |  1.8
Shields        | 1 |  1.8
Unarmed Combat | 1 |  1.8
Evocations     | 1 |  1.8
Conjurations   | 1 |  1.4
Charms         | 1 |  1.4
Summonings     | 1 |  1.4
Necromancy     | 1 |  1.4
Translocations | 1 |  1.4
Transmutations | 1 |  1.4
Fire Magic     | 1 |  1.4
Ice Magic      | 1 |  1.4
Air Magic      | 1 |  1.4
Earth Magic    | 1 |  1.4
Poison Magic   | 1 |  1.4
Short Blades   | 3 |  3.1
Dodging        | |  4.9
Hexes          | |  5.6

Action                   |  1- 3 |  4- 6 || total
-------------------------+-------+-------++-------
Melee: Dagger            |    67 |       ||    67
       Bite              |    10 |    23 ||    33
       Short sword       |    42 |   151 ||   193
 Cast: Confuse           |       |    12 ||    12
       Tukima's Dance    |       |     5 ||     5
       Ensorcelled Hiber |       |     3 ||     3
  Use: Scroll            |     2 |       ||     2
       Potion            |     1 |     1 ||     2
 Stab: Sleeping          |    10 |     4 ||    14
       Paralysed         |     1 |       ||     1
       Confused          |       |     1 ||     1
  Eat: Chunk             |       |     6 ||     6
Armor: Robe              |    24 |    42 ||    66
Dodge: Dodged            |    79 |   133 ||   212
